 Dungeon Crawl Stone Soup version 0.29.0-4-gdea44cf6ec (webtiles) character file.

Game seed: 7645804962700470744

58 qw the Chopper (level 4, -7/26 HPs)
             Began as a Tengu Warper on Aug 28, 2022.
             Mangled by a gnoll
             ... wielding a +0 halberd
              (10 damage)
             ... on level 2 of the Dungeon.
             The game lasted 00:00:08 (1846 turns).

qw the Chopper (Tengu Warper)                       Turns: 1846, Time: 00:00:09

Health: -7/26      AC:  4    Str: 13    XL:     4   Next: 2%
Magic:  8/8        EV: 12    Int: 14    God:
Gold:   161        SH:  0    Dex: 13    Spells: 7/7 levels left

rFire   . . .      SeeInvis .   Y - +0 hand axe
rCold   . . .      Faith    .   (no shield)
rNeg    . . .      Spirit   .   b - +0 leather armour
rPois   .          Reflect  .   (helmet restricted)
rElec   .          Harm     .   (no cloak)
rCorr   .          Rampage  .   g - +0 pair of gloves
Will    .....                   (boots unavailable)
Stlth   +.........              (no amulet)
HPRegen 0.08/turn               (no ring)
MPRegen 0.11/turn               (no ring)

@: no status effects
A: beak, talons 3
a: no special abilities


You were on level 2 of the Dungeon.
You visited 1 branch of the dungeon, and saw 2 of its levels.

You collected 161 gold pieces.


Innate Abilities, Weirdness & Mutations

You have a beak for a mouth.
You have claws for feet.


   Skills:
 - Level 2.0 Fighting
 + Level 4.6 Axes
 - Level 1.0 Throwing
 - Level 1.1 Armour
 - Level 2.1 Dodging
 - Level 2.0 Spellcasting
 - Level 2.4 Translocations


You had 7 spell levels left.
You didn't know any spells.
Your spell library contained the following spells:

 Spells                   Type           Power      Damage    Failure   Level
 Blink                    Tloc           16%        N/A       17%         2
 Gell's Gravitas          Tloc           8%         N/A       34%         3
 Lesser Beckoning         Tloc           8%         N/A       34%         3
 Teleport Other           Tloc           8%         N/A       34%         3
 Manifold Assault         Tloc           8%         N/A       97%         5

Inventory:

Hand Weapons
 c - a +0 flail
 Y - a +0 hand axe (weapon)
Armour
 b - a +0 leather armour (worn)
 d - a +0 ring mail
 g - a +0 pair of gloves (worn)
Scrolls
 a - 2 scrolls of identify
Potions
 h - a potion of berserk rage {unknown}
 i - a potion of resistance {unknown}
 j - a potion of might {unknown}
 k - 2 potions of heal wounds {unknown}
 m - a potion of brilliance {unknown}

Dungeon Overview and Level Annotations

Branches:
Dungeon (2/15)

Altars:


Message History

The ball python is moderately wounded.
The ball python barely misses you. The ball python constricts you.
You hit the ball python.
You kill the ball python!
You start resting.
HP restored.
You see here a ball python corpse.
Found 6 stones.
You see here 6 stones.
A gnoll comes into view. It is wielding a +0 spear.
The gnoll shouts!
A gnoll comes into view. It is wielding a +0 flail.
The gnoll shouts!
A gnoll comes into view. It is wielding a +0 halberd.
The gnoll hits you with a +0 spear!
The gnoll shouts!
You hit the gnoll but do no damage. Your peck misses the gnoll.
You closely miss the gnoll. The gnoll hits you with a +0 spear.
The gnoll barely misses you.
You hit the gnoll.
The gnoll is lightly wounded.
You hit the gnoll. The gnoll hits you with a +0 spear. The gnoll misses you.
The gnoll hits you but does no damage.
You hit the gnoll. You peck the gnoll.
The gnoll is heavily wounded.
You hit the gnoll but do no damage.
The gnoll hits you from afar with a +0 halberd!
The gnoll completely misses you.
You barely miss the gnoll. Your kick misses the gnoll.
You peck the gnoll, but do no damage.
The gnoll is heavily wounded.
You hit the gnoll but do no damage.
The gnoll closely misses you. x2; The gnoll hits you but does no damage.
You hit the gnoll. Your kick misses the gnoll.
The gnoll is heavily wounded.
You hit the gnoll but do no damage. The gnoll hits you but does no damage.
The gnoll barely misses you.
The gnoll hits you from afar with a +0 halberd!
You die...

### # ##.. ..
...###.##
#g?......
####.g.##.##
#..g@.......
#.##...#....
#.##........ ###
#.###.##.###...#
..# #........#
.## #.#
#####(#### # #.#
#.# #.# ##.##
#.# ####...##


You could see 3 gnolls.

Vanquished Creatures
  2 adders (D:2)
  A dart slug (D:1)
  A ball python (D:2)
  3 bats
  4 endoplasms (D:1)
  A giant cockroach (D:1)
  5 goblins
  4 hobgoblins
  4 quokkas
  3 frilled lizards (D:2)
  3 kobolds
  5 rats
36 creatures vanquished.

Notes
Turn   | Place    | Note
-------+----------+-------------------------------------------
     0 | D:1      | qw the Tengu Warper began the quest for the Orb.
     0 | D:1      | Reached XP level 1. HP: 12/12 MP: 4/4
     0 | D:1      | 0 ||| qw: Version: 0.1-a-89-g26bdef1
     0 | D:1      | 0 ||| qw: Game counter: 482
     0 | D:1      | 0 ||| qw: Always use a shield: true
     0 | D:1      | 0 ||| qw: God list: Okawaru
     0 | D:1      | 0 ||| qw: Allow faded altars: false
     0 | D:1      | 0 ||| qw: Do Orc after D:15 true
     0 | D:1      | 0 ||| qw: Do second Lair branch before Depths: true
     0 | D:1      | 0 ||| qw: Lair rune preference: random
     0 | D:1      | 0 ||| qw: Plans: Normal
     0 | D:1      | 0 ||| PLANNING D:1-11
    31 | D:1      | 31 ||| Stepping ~*~*~tactically~*~*~ (stealth).
    31 | D:1      | Found a faded altar of an unknown god.
   144 | D:1      | Reached XP level 2. HP: 17/17 MP: 6/6
   145 | D:1      | Reached skill level 3 in Axes
   968 | D:1      | 968 ||| UPGRADING to +0 pair of gloves.
   973 | D:1      | 973 ||| READING 2 scrolls labelled UCRIRUS FAUCKUX.
   974 | D:1      | 974 ||| READING scroll labelled GOAMAT WOMP.
   977 | D:1      | 977 ||| READING 3 scrolls labelled DABOGHEHUI.
   978 | D:1      | 978 ||| DROPPING scroll of blinking.
   979 | D:1      | 979 ||| DROPPING 2 scrolls of fog.
  1028 | D:2      | Reached XP level 3. HP: 19/21 MP: 7/7
  1069 | D:2      | Reached skill level 4 in Axes
  1162 | D:2      | 1162 ||| Stepping ~*~*~tactically~*~*~ (stealth).
  1222 | D:2      | 1222 ||| DROPPING +0 club.
  1475 | D:2      | 1475 ||| Stepping ~*~*~tactically~*~*~ (stealth).
  1488 | D:2      | 1488 ||| Stepping ~*~*~tactically~*~*~ (stealth).
  1731 | D:2      | Reached XP level 4. HP: 26/26 MP: 8/8
  1844 | D:2      | HP: 3/26 [gnoll/+0 halberd (12)]
  1846 | D:2      | Mangled by a gnoll

Levels and vault maps discovered:
D:1:      shiori_arrival_elements, layout_basic,
          shapermc_ecumenical_altar_totnotflames
D:2:      layout_loops_corners, wander_ebering_terrifying_dragon_lair

Skill      XL: |  1  2  3 |
---------------+----------+-----
Axes           | 3 4 |  4.6
Fighting       | |  2.0
Throwing       | |  1.0
Armour         | |  1.1
Dodging        | |  2.1
Spellcasting   | |  2.0
Translocations | |  2.4

Action                   |  1- 3 |  4- 6 || total
-------------------------+-------+-------++-------
Melee: Hand axe          |    64 |    11 ||    75
       Kick              |     9 |     2 ||    11
       Peck              |     7 |     3 ||    10
Throw: Boomerang         |     7 |       ||     7
  Use: Scroll            |     3 |       ||     3
Armor: Leather armour    |    13 |     6 ||    19
Dodge: Dodged            |    31 |     9 ||    40

Table legend:
 A = Non-vault XP
 B = Vault XP
 C = Vault XP percentage of total XP
 D = Non-vault monster count
 E = Vault monster count
 F = Vault count percentage of total count
                 A         B        C        D         E       F
            +---------+---------+-------+---------+---------+-------
      Total |      83 |       1 |   1.2 |      35 |       1 |   2.8
            +---------+---------+-------+---------+---------+-------
        D:1 |      30 |       0 |   0.0 |      16 |       0 |   0.0
        D:2 |      53 |       1 |   1.9 |      19 |       1 |   5.0
            +---------+---------+-------+---------+---------+-------
